 Dungeon Crawl Stone Soup version 0.21.1-1-g345015f (webtiles) character file.

47739 shakethe the Cleaver (level 14, -3/105 HPs)
             Began as a Demonspawn Gladiator on Feb 16, 2018.
             Was the Champion of Makhleb.
             Splashed by an oklob plant's acid (13 damage)
             ... on level 5 of the Lair of Beasts.
             The game lasted 01:10:03 (19490 turns).

shakethe the Cleaver (Demonspawn Gladiator)        Turns: 19490, Time: 01:10:03

Health: -3/105     AC:  5    Str: 16    XL:     14   Next: 9%
Magic:  0/24       EV: 20    Int: 11    God:    Makhleb [******]
Gold:   1262       SH:  0    Dex: 17    Spells: 19/27 levels left

rFire    . . .     SeeInvis +   a - +1 battleaxe
rCold    . . .     Gourm    .   (shield currently unavailable)
rNeg     . . .     Faith    .   e - +2 troll leather armour {Snorg}
rPois    .         Spirit   +   J - +1 helmet
rElec    .         Reflect  .   i - +1 cloak
rCorr    .         Harm     .   U - +1 pair of gloves
MR       +....                  y - +2 pair of boots of the Everdark {Stlth+}
Stlth    ++........             s - amulet of regeneration {+regen, !d}
HPRegen  1.07/turn              R - ring of see invisible {sInv, !d}
MPRegen  0.19/turn              Y - ring of wizardry {Wiz+, !d}

@: corroded
A: claws 2, repulsion field 1, spiny 1, magic shield
a: Minor Destruction, Lesser Servant of Makhleb, Major Destruction, Greater
Servant of Makhleb, Renounce Religion


You were on level 5 of the Lair of Beasts.
You worshipped Makhleb.
Makhleb was exalted by your worship.
You were not hungry.

You visited 3 branches of the dungeon, and saw 19 of its levels.
You also visited: Ossuary and Ice Cave.

You collected 1262 gold pieces.

Inventory:

Hand Weapons
 a - a +1 battleaxe (weapon)
   (You took it off an orc warrior on level 6 of the Dungeon)
 b - a +2 flail of crushing
   (You found it on level 9 of the Dungeon)
Missiles
 d - 3 throwing nets {=f, !d}
 q - 6 tomahawks of returning (quivered)
 w - 3 curare-tipped needles
Armour
 e - a +2 troll leather armour (worn) {Snorg}
   (You found it on level 5 of the Lair of Beasts)
 i - a +1 cloak (worn)
   (You found it on level 1 of the Dungeon)
 y - the +2 pair of boots of the Everdark (worn) {Stlth+}
   (You found it on level 4 of the Dungeon)

   It makes you more stealthy.
 J - a +1 helmet (worn)
   (You found it on level 12 of the Dungeon)
 U - a +1 pair of gloves (worn)
   (You found it on level 2 of the Lair of Beasts)
Magical Staves
 c - an uncursed staff of summoning {unknown}
   (You found it on level 4 of the Lair of Beasts)
 Q - an uncursed staff of power {unknown}
   (You found it on level 5 of the Lair of Beasts)
Jewellery
 s - an amulet of regeneration (around neck) {+regen, !d}
   (You found it on level 3 of the Dungeon)
 R - a ring of see invisible (left hand) {sInv, !d}
   (You found it in an ice cave)
 Y - a ring of wizardry (right hand) {Wiz+, !d}
   (You found it in an ice cave)
Wands
 t - a wand of digging (4)
   (You found it on level 1 of the Lair of Beasts)
 u - a wand of polymorph (39)
   (You found it on level 1 of the Lair of Beasts)
 v - a wand of acid (13)
   (You took it off Maurice on level 11 of the Dungeon)
 x - a wand of paralysis (10)
   (You found it on level 4 of the Lair of Beasts)
 L - a wand of iceblast (14)
   (You found it on level 6 of the Dungeon)
 M - a wand of enslavement (11)
   (You found it on level 7 of the Dungeon)
 P - a wand of flame (88)
   (You found it on level 7 of the Dungeon)
Scrolls
 h - 2 scrolls of fog
 j - a scroll of fear
 k - 6 scrolls of remove curse
 m - a scroll of enchant weapon
 n - 2 scrolls of immolation {!r}
 p - 5 scrolls of amnesia
 B - 4 scrolls of teleportation
 E - 2 scrolls of identify
 G - 4 scrolls of enchant armour
 Z - a scroll of random uselessness
Potions
 g - 3 potions of magic {unknown}
 l - 4 potions of flight
 o - 3 potions of cancellation
 r - 4 potions of might
 z - 2 potions of mutation {!q}
 A - 3 potions of brilliance
 C - a potion of ambrosia
 D - a potion of agility
 F - 4 potions of curing
 I - 2 potions of lignification {!q}
 O - 3 potions of heal wounds
Books
 H - a book of Dreams
   (You found it on level 4 of the Lair of Beasts)
 N - a book of Callings
   (You found it on level 4 of the Lair of Beasts)
 S - a book of Beasts
   (You found it on level 5 of the Lair of Beasts)
Comestibles
 f - 36 rations


   Skills:
 + Level 8.2 Fighting
 * Level 12.9 Axes
 - Level 1.7 Throwing
 + Level 5.5 Armour
 + Level 9.4 Dodging
 + Level 7.3 Spellcasting
 - Level 6.0 Charms
 + Level 8.9 Necromancy
 + Level 7.1 Earth Magic


You had 19 spell levels left.
You knew the following spells:

 Your Spells              Type           Power        Failure   Level  Hunger
b - Borgnjor's Vile Clut  Necr/Erth      ###.......   9%          5    ######.
r - Regeneration          Chrm/Necr      ###.......   1%          3    ###....


Dungeon Overview and Level Annotations

Branches:
Dungeon (13/15)            Temple (1/1) D:5            Lair (5/6) D:10
 Shoals (0/4) Lair:4       Spider (0/4) Lair:3          Orc (0/2) D:12
  Slime: Lair:5-6    Vaults: D:13-14

Altars:
Ashenzari
Cheibriados
Dithmenos
Gozag
Hepliaklqana
Kikubaaqudgha
Makhleb
Nemelex Xobeh
Qazlal
Ru
Sif Muna
Trog
Uskayaw
Vehumet
Xom
Yredelemnul
Zin
The Shining One
Beogh
Jiyva

Annotations:
D:7 exclusion: statue
D:9 Gastronok
Lair:5 exclusion: 4 oklob plants


Innate Abilities, Weirdness & Mutations

You have very sharp fingernails.
You are surrounded by a mild repulsion field. (EV +2)
You are partially covered in sharp spines.
When hurt, damage is shared between your health and your magic reserves.


Message History

The splash of acid misses you.
All of the chunks of flesh in your inventory have rotted away.
Health restored: 105 The oklob plant spits acid at you.
The splash of acid misses you.
Really walk into a travel-excluded area? [Y]es or [N]o only, please.
Really walk into a travel-excluded area?
Okay, then.
Really walk into a travel-excluded area?
The oklob plant spits acid at you. The splash of acid hits you!
You are splashed with acid!
The acid burns!
You take 6 damage, and have 99/105 hp.
You now have 20/24 mp.
The oklob plant spits acid at you. The splash of acid hits you!
You are splashed with acid!
The acid burns!
You take 11 damage, and have 88/105 hp.
You now have 19/24 mp.
You hit the oklob plant but do no damage.
The oklob plant spits acid at you. The splash of acid hits you!
You are splashed with acid!
The acid burns!
The oklob plant spits acid at you. The splash of acid hits you!
You are splashed with acid!
The acid burns!
You take 23 damage, and have 65/105 hp.
MASSIVE DAMAGE!!
You now have 14/24 mp.
The oklob plant spits acid at you. The splash of acid hits you!
The acid corrodes you!
You are splashed with acid!
The acid burns!
The oklob plant spits acid at you. The splash of acid hits you!
You are splashed with acid!
The acid burns!
You take 23 damage, and have 42/105 hp.
MASSIVE DAMAGE!!
You now have 10/24 mp.
The oklob plant spits acid at you. The splash of acid hits you!
The acid corrodes you!
You are splashed with acid!
The acid burns!
* * * LOW HITPOINT WARNING * * *
You take 15 damage, and have 27/105 hp.
You now have 6/24 mp.
You start resting.
You are no longer corroded.
You regained 28 hp, and now have 56/105 hp.
You regained 5 mp, and now have 11/24 mp.
Your skin crawls.
You regained 2 hp, and now have 58/105 hp.
You now have 9/24 mp.
You regained 2 hp, and now have 60/105 hp.
You regained 2 hp, and now have 62/105 hp.
You regained 2 hp, and now have 64/105 hp.
Your skin is crawling a little less now.
You regained 2 hp, and now have 66/105 hp.
You regained 2 hp, and now have 68/105 hp.
You regained 2 hp, and now have 70/105 hp.
You are feeling very hungry.
You regained 3 hp, and now have 73/105 hp.
You regained 2 hp, and now have 75/105 hp.
Your skin stops crawling.
You regained 2 hp, and now have 80/105 hp.
You regained 2 hp, and now have 89/105 hp.
Health restored: 105 You eat one of the 37 rations.
That ration really hit the spot!
Really walk into a travel-excluded area? [Y]es or [N]o only, please.
Really walk into a travel-excluded area? [Y]es or [N]o only, please.
Really walk into a travel-excluded area?
You see here 19 stones.
Really walk into a travel-excluded area? [Y]es or [N]o only, please.
Really walk into a travel-excluded area? [Y]es or [N]o only, please.
Really walk into a travel-excluded area?
The rock shatters into small pieces.
The oklob plant spits acid at you. The splash of acid hits you!
You are splashed with acid!
The acid burns!
You take 14 damage, and have 91/105 hp.
You now have 15/24 mp.
The oklob plant spits acid at you. The splash of acid hits you!
You are splashed with acid!
The acid burns!
You take 10 damage, and have 81/105 hp.
You now have 13/24 mp.
The oklob plant spits acid at you. The splash of acid hits you!
The acid corrodes you!
You are splashed with acid!
The acid burns!
You take 24 damage, and have 58/105 hp.
MASSIVE DAMAGE!!
You now have 11/24 mp.
The oklob plant spits acid at you. The splash of acid misses you.
The oklob plant spits acid at you. The splash of acid hits you!
The acid corrodes you!
You are splashed with acid!
The acid burns!
The oklob plant spits acid at you. The splash of acid hits you!
You are splashed with acid!
The acid burns!
* * * LOW HITPOINT WARNING * * *
The oklob plant spits acid at you. The splash of acid hits you!
* * * LOW HITPOINT WARNING * * *
You are splashed with acid!
The acid burns!
* * * LOW HITPOINT WARNING * * *
The oklob plant spits acid at you. The splash of acid hits you!
The acid corrodes you!
You are splashed with acid!
The acid burns!
You die...

##..............
##P.......#...+..
#.........##.#...
###........###...
#.........##....
#.......####..##
#P......# #.###
########PP....## ## #
#.....@...#P..# #
##.##.##.###.## ##
#.##.##(###.P.# ####.
#.".?P...PP...####...#
#}!$(.....[..###.#....
#$!:.PP......#P....'..
#$?..$.......P....#.†.
#P$P.)P...........#...
#######.P..#.##PP#....


You could see 2 oklob plants.

Vanquished Creatures
  Kirke (Lair:5)
  The ghost of Tramtrist the Unseen, a journeyman OpAs of Trog (Lair:5)
  Snorg (Lair:5)
  4 hydras
  2 two-headed ogres
  6 death yaks
  Sonja (Lair:3)
  Nergalle (D:12)
  An unseen horror (D:10)
  The ghost of letownia2 the Spear-Bearer, a novice MfGl of Ru (D:7)
  4 ugly things
  An oklob plant (Lair:5)
  A manticore (Lair:4)
  Maurice (D:11)
  2 black mambas
  2 ice statues (IceCv)
  5 spiny frogs
  A centaur zombie (D:12)
  2 gargoyles (D:13)
  4 rime drakes
  3 komodo dragons
  3 meliai (D:13)
  A troll (D:12)
  A hornet (D:12)
  11 blink frogs (Lair:5)
  7 hippogriffs
  3 wraiths
  A human (D:7)
  31 yaks
  The ghost of Autsider the Chopper, an amateur HOMo of the Shining One (D:3)
  A wyvern (D:10)
  6 hogs
  2 hungry ghosts
  3 wargs (D:12)
  16 water moccasins
  5 orc warriors
  8 porcupines
  A black bear (Lair:5)
  16 ice beasts
  4 sky beasts
  2 ogres
  2 phantoms
  50 wolves
  10 centaurs
  9 crocodiles
  3 big kobolds
  19 bullfrogs
  3 scorpions
  15 killer bees
  An electric eel (Lair:5)
  6 crimson imps
  2 bullfrog zombies
  2 howler monkeys
  A quasit (D:13)
  2 centaur skeletons
  2 jellies
  3 orc priests
  13 hounds
  3 bullfrog skeletons
  Jessica (D:3)
  4 iguanas
  4 orc wizards
  17 worker ants
  A hound skeleton (D:10)
  2 mummies
  A worker ant zombie (D:11)
  9 adders
  A howler monkey skeleton (D:11)
  4 shadow imps
  3 oozes
  An adder skeleton (D:4)
  13 worms
  8 leopard geckos
  38 orcs
  8 bats
  5 giant cockroaches
  12 goblins
  9 hobgoblins
  8 jackals
  5 quokkas
  4 frilled lizards
  4 gnoll skeletons (Ossuary)
  26 kobolds
  6 kobold skeletons (Ossuary)
  15 orc skeletons (Ossuary)
  2 quokka zombies
  5 rats
  A spectral orc (D:4)
  A fungus (Lair:5)
  3 plants
535 creatures vanquished.

Vanquished Creatures (collateral kills)
  A hog (Lair:5)
1 creature vanquished.

Vanquished Creatures (others)
  Fannar (D:10)
  A bush (Lair:5)
  7 fungi
  8 plants (Lair:5)
17 creatures vanquished.

Grand Total: 553 creatures vanquished

Notes
Turn   | Place    | Note
-------+----------+-------------------------------------------
     0 | D:1      | shakethe the Demonspawn Gladiator began the quest for the Orb.
     0 | D:1      | Reached XP level 1. HP: 16/16 MP: 1/1
    22 | D:1      | Reached skill level 3 in Axes
    25 | D:1      | Gained mutation: You are surrounded by a mild repulsion field. (EV +2) [demonic ancestry]
    25 | D:1      | Reached XP level 2. HP: 21/22 MP: 2/2
   290 | D:1      | HP: 5/22 [poisoned by a kobold]
   670 | D:1      | Gained mutation: When hurt, damage is shared between your health and your magic reserves. [demonic ancestry]
   670 | D:1      | Reached XP level 3. HP: 27/27 MP: 3/3
  1060 | D:2      | Reached skill level 3 in Dodging
  1083 | D:2      | Reached skill level 4 in Axes
  1232 | D:2      | Gained mutation: You are partially covered in sharp spines. [demonic ancestry]
  1232 | D:2      | Reached XP level 4. HP: 17/33 MP: 2/4
  1847 | D:3      | Noticed Autsider's ghost (amateur HOMo)
  1898 | D:3      | Killed Autsider's ghost
  1898 | D:3      | Reached skill level 5 in Axes
  1898 | D:3      | Reached XP level 5. HP: 10/38 MP: 1/5
  2174 | D:3      | Noticed Jessica
  2198 | D:3      | Reached skill level 4 in Dodging
  2244 | D:3      | Reached XP level 6. HP: 39/44 MP: 6/6
  2248 | D:3      | Found an ancient bone altar of Kikubaaqudgha.
  2340 | D:3      | Found a stormy altar of Qazlal.
  2615 | D:3      | Found a deep blue altar of Sif Muna.
  2624 | D:3      | Killed Jessica
  2801 | D:4      | Got a pair of translucent boots
  2807 | D:4      | Identified the +2 pair of boots of the Everdark {Stlth+} (You found it on level 4 of the Dungeon)
  2835 | D:4      | Found a shattered altar of Ashenzari.
  2893 | D:4      | Reached skill level 6 in Axes
  2945 | D:4      | Found an opulent altar of Gozag.
  3121 | D:4      | Found a basalt altar of Yredelemnul.
  3363 | D:5      | Entered Level 5 of the Dungeon
  3367 | D:5      | Reached XP level 7. HP: 44/50 MP: 7/7
  3411 | D:5      | Found a staircase to the Ecumenical Temple.
  3428 | Temple   | Entered the Ecumenical Temple
  3446 | Temple   | Became a worshipper of Makhleb the Destroyer
  3726 | D:5      | Reached skill level 5 in Dodging
  3909 | D:5      | Reached skill level 7 in Axes
  4109 | D:6      | Found a shadowy altar of Dithmenos.
  4336 | D:6      | Found a shimmering altar of Xom.
  4382 | D:6      | Reached XP level 8. HP: 40/56 MP: 5/8
  4385 | D:6      | HP: 9/56 [orc warrior/battleaxe (18)]
  4485 | D:6      | Found a snail-covered altar of Cheibriados.
  4552 | D:6      | Found a glowing golden altar of the Shining One.
  4601 | D:6      | Found a sand-covered staircase.
  4611 | Ossuary  | Entered an ossuary
  4626 | Ossuary  | Reached * piety under Makhleb
  4754 | Ossuary  | Reached skill level 8 in Axes
  4946 | D:6      | Learned a level 3 spell: Regeneration
  5038 | D:6      | Reached skill level 6 in Dodging
  5038 | D:6      | Reached skill level 1 in Necromancy
  5044 | D:6      | Reached skill level 1 in Spellcasting
  5044 | D:6      | Reached skill level 1 in Charms
  5056 | D:6      | Learned a level 5 spell: Borgnjor's Vile Clutch
  5372 | D:7      | Reached ** piety under Makhleb
  5372 | D:7      | Reached skill level 1 in Earth Magic
  5375 | D:7      | Reached skill level 2 in Necromancy
  5375 | D:7      | Reached XP level 9. HP: 41/62 MP: 4/11
  5389 | D:7      | Reached skill level 2 in Charms
  5411 | D:7      | Reached skill level 2 in Spellcasting
  5482 | D:7      | Noticed letownia2's ghost (novice MfGl)
  5933 | D:7      | Reached skill level 9 in Axes
  6055 | D:7      | Killed letownia2's ghost
  6055 | D:7      | Reached skill level 3 in Fighting
  6055 | D:7      | Reached skill level 3 in Necromancy
  6055 | D:7      | Reached skill level 2 in Earth Magic
  6254 | D:7      | Found a radiant altar of Vehumet.
  6313 | D:7      | Found a sacrificial altar of Ru.
  6500 | D:8      | Identified the Tome of the Mountains and Changing
  6680 | D:8      | Reached skill level 3 in Charms
  7165 | D:9      | Noticed Gastronok
  7208 | D:9      | Found a bloodstained altar of Trog.
  7213 | D:9      | Reached skill level 3 in Spellcasting
  7242 | D:9      | Noticed a two-headed ogre
  7249 | D:9      | Reached XP level 10. HP: 54/71 MP: 9/14
  7252 | D:9      | HP: 9/71 [two-headed ogre/giant club (12)]
  7283 | D:9      | Killed a two-headed ogre
  7283 | D:9      | Reached skill level 4 in Fighting
  7283 | D:9      | Reached skill level 4 in Necromancy
  7283 | D:9      | Reached skill level 3 in Earth Magic
  7403 | D:9      | Reached *** piety under Makhleb
  7584 | D:9      | Reached skill level 7 in Dodging
  7616 | D:9      | HP: 18/72 [orc warrior/flail (13)]
  7701 | D:9      | Found a roughly hewn altar of Beogh.
  7764 | D:9      | Found a stormy altar of Qazlal.
  8072 | D:10     | Entered Level 10 of the Dungeon
  8120 | D:10     | Reached skill level 10 in Axes
  8132 | D:10     | Noticed a two-headed ogre
  8140 | D:10     | Reached **** piety under Makhleb
  8150 | D:10     | Killed a two-headed ogre
  8153 | D:10     | Reached skill level 4 in Charms
  8264 | D:10     | Reached skill level 4 in Spellcasting
  8395 | D:10     | Reached skill level 5 in Necromancy
  8407 | D:10     | Found a staircase to the Lair.
  8407 | D:10     | Noticed a death yak
  8408 | D:10     | Noticed a death yak
  8411 | D:10     | Noticed a death yak
  8411 | D:10     | Noticed a death yak
  8466 | D:10     | Noticed a death yak
  8507 | D:9      | Killed a death yak
  8879 | D:9      | HP: 24/109 [death yak (16)]
  8883 | D:9      | HP: 10/109 [death yak (16)]
  8885 | D:9      | HP: 2/109 [death yak (9)]
  8886 | D:9      | Killed a death yak
  8886 | D:9      | Reached skill level 5 in Fighting
  8886 | D:9      | Reached skill level 4 in Earth Magic
  8886 | D:9      | Gained mutation: You have sharp fingernails. [demonic ancestry]
  8886 | D:9      | Reached XP level 11. HP: 28/79 MP: 0/17
  9172 | D:10     | Killed an unseen horror
  9232 | D:10     | Got a translucent chain mail
  9376 | D:10     | Identified the cursed +0 chain mail "Puzauri" {rF+ MR+ Str+2} (You found it on level 10 of the Dungeon)
  9522 | D:11     | Noticed Maurice
  9546 | D:11     | Killed Maurice
  9552 | D:11     | HP: 18/80 [troll (8)]
  9590 | D:10     | HP: 18/80 [troll (10)]
  9700 | D:10     | Noticed a death yak
  9715 | D:10     | HP: 20/80 [death yak (7)]
 10023 | D:10     | Killed a death yak
 10067 | D:10     | Killed a death yak
 10067 | D:10     | Reached skill level 1 in Armour
 10067 | D:10     | HP: 9/80 [death yak (13)]
 10091 | D:10     | HP: 16/80 [death yak (8)]
 10195 | D:10     | Killed a death yak
 10537 | D:11     | Reached skill level 6 in Necromancy
 10580 | D:11     | Reached skill level 5 in Spellcasting
 10737 | D:11     | Reached skill level 5 in Charms
 10780 | D:11     | Noticed a green ugly thing
 10789 | D:11     | Killed a green ugly thing
 10789 | D:11     | Reached skill level 11 in Axes
 10789 | D:11     | Reached skill level 2 in Armour
 11053 | D:12     | Found a staircase to the Orcish Mines.
 11141 | D:12     | Noticed Nergalle
 11180 | D:12     | Killed Nergalle
 11180 | D:12     | Reached skill level 8 in Dodging
 11400 | D:12     | Reached skill level 6 in Fighting
 11459 | D:12     | Reached ***** piety under Makhleb
 11696 | D:12     | Reached skill level 5 in Earth Magic
 11696 | D:12     | Gained mutation: You have very sharp fingernails. [demonic ancestry]
 11696 | D:12     | Reached XP level 12. HP: 88/88 MP: 19/19
 12287 | D:13     | HP: 21/88 [meliai/divine providence (7)]
 12409 | Lair:1   | Entered Level 1 of the Lair of Beasts
 12424 | Lair:1   | Noticed Fannar
 12579 | D:10     | Reached skill level 3 in Armour
 12766 | D:10     | HP: 17/89 [ice beast[Fannar] (6)]
 12773 | D:10     | HP: 19/89 [Fannar/Ozocubu's Refrigeration (9)]
 12779 | D:10     | HP: 17/89 [Fannar/Ozocubu's Refrigeration (8)]
 12779 | D:10     | Killed Fannar
 12779 | D:10     | Reached skill level 7 in Necromancy
 13430 | Lair:1   | Noticed a five-headed hydra
 14098 | Lair:1   | Killed a five-headed hydra
 14098 | Lair:1   | Reached skill level 6 in Charms
 14107 | Lair:1   | Reached skill level 6 in Spellcasting
 14618 | Lair:2   | Found a frozen archway.
 14696 | IceCv    | Entered an ice cave
 14705 | IceCv    | Reached skill level 4 in Armour
 14718 | IceCv    | Found a transporter.
 14757 | IceCv    | Reached skill level 7 in Fighting
 14757 | IceCv    | Reached skill level 12 in Axes
 14757 | IceCv    | Reached skill level 6 in Earth Magic
 14765 | IceCv    | HP: 19/91 [ice statue] (6)]
 14768 | IceCv    | HP: 9/91 [ice statue] (10)]
 14777 | IceCv    | HP: 9/91 [ice statue] (6)]
 14799 | IceCv    | Reached XP level 13. HP: 47/96 MP: 3/22
 14949 | IceCv    | Got a transparent scale mail
 15819 | Lair:2   | HP: 23/96 [nine-headed hydra (7)]
 15971 | Lair:3   | Got a distressingly furry ring mail
 15984 | Lair:3   | Found a hole to the Spider Nest.
 16127 | Lair:3   | Noticed Sonja
 16138 | Lair:3   | HP: 22/96 [Sonja/wand of acid (7) (14)]
 16145 | Lair:3   | HP: 14/96 [poisoned by Sonja (curare-tipped needle)]
 16150 | Lair:3   | HP: 17/96 [poisoned by Sonja (curare-tipped needle)]
 16841 | Lair:3   | Killed Sonja
 17159 | Lair:4   | Found a staircase to the Shoals.
 17169 | Lair:4   | Reached skill level 8 in Necromancy
 17200 | Lair:4   | Reached skill level 9 in Dodging
 17263 | Lair:4   | Reached ****** piety under Makhleb
 17512 | Lair:4   | HP: 18/97 [ten-headed hydra (11)]
 17532 | Lair:4   | HP: 14/97 [rime drake/flash freeze (18)]
 18400 | Lair:5   | Noticed Kirke
 18409 | Lair:5   | Reached skill level 5 in Armour
 18529 | Lair:5   | Killed Kirke
 18529 | Lair:5   | Reached skill level 7 in Spellcasting
 18537 | Lair:5   | Noticed Snorg
 18551 | Lair:5   | Killed Snorg
 18551 | Lair:5   | Reached skill level 8 in Fighting
 18658 | Lair:5   | Noticed Tramtrist's ghost (journeyman OpAs)
 18691 | Lair:5   | Killed Tramtrist's ghost
 18691 | Lair:5   | Reached skill level 7 in Earth Magic
 18814 | Lair:5   | Reached XP level 14. HP: 105/105 MP: 22/24
 19489 | Lair:5   | HP: 22/105 [oklob plant/splash of acid (5)]
 19489 | Lair:5   | HP: 9/105 [acid (13)]
 19490 | Lair:5   | Splashed by an oklob plant's acid

Skill      XL: |  1  2  3  4  5  6  7  8  9 10 11 12 13 |
---------------+----------------------------------------+-----
Axes           | 3 4 5 6 7 8 9 10 11 12 | 12.9
Dodging        | 3 4 5 6 7 8 9 |  9.4
Necromancy     | 2 3 5 6 7 8 |  8.9
Spellcasting   | 1 3 4 5 6 7 |  7.3
Charms         | 1 3 4 5 6 |  6.0
Earth Magic    | 1 2 4 5 6 7 |  7.1
Fighting       | 3 5 6 7 8 |  8.2
Armour         | 2 4 5 |  5.5
Throwing       | |  1.7

Action                   |  1- 3 |  4- 6 |  7- 9 | 10-12 | 13-15 || total
-------------------------+-------+-------+-------+-------+-------++-------
Melee: War axe           |   112 |   100 |    93 |       |       ||   305
       Battleaxe         |       |       |   216 |   656 |   334 ||  1206
       Flail             |       |       |       |     5 |    19 ||    24
 Cast: Regeneration      |       |       |       |    18 |    11 ||    29
       Borgnjor's Vile C |       |       |       |     2 |    12 ||    14
Evoke: Wand              |       |       |       |       |     4 ||     4
  Use: Potion            |     1 |       |       |    11 |     1 ||    13
       Scroll            |       |       |     7 |    20 |     8 ||    35
 Stab: Sleeping          |     1 |     1 |     6 |    15 |     2 ||    25
       Invisible         |       |       |       |     5 |     1 ||     6
       Distracted        |       |       |       |     2 |     2 ||     4
  Eat: Chunk             |     1 |     6 |     7 |    17 |     7 ||    38
       Ration            |       |       |     2 |     3 |     5 ||    10
Armor: Leather armour    |    52 |    20 |    66 |   168 |    97 ||   403
       Troll leather arm |       |       |       |       |    49 ||    49
Dodge: Dodged            |   112 |    76 |   228 |   784 |   488 ||  1688

Vault maps used:
D:1:      arrival_zaba_pyramid, corexii_leaking_fountain
D:3:      tgw_sif, old_standard_altar, first_ration,
          nicolae_qazlal_general_emergency
D:4:      nicolae_gozag_cash_rules_everything_around_me,
          nicolae_ashenzari_panopticon, yredelemnul_forgotten_temple_becter,
          kennysheep_cross_room, lemuel_another_geyser
D:5:      minmay_temple_entry_large_hall
D:6:      nicolae_dithmenos_the_darkroom, slow_altar_2, minitemple,
          gup_ossuary_entry_pyramid
D:7:      vehumet_statue, grunt_livestock, lemuel_tele_altar
D:8:      water_maze_lemuel
D:9:      lightli_temple_of_fire, basic_altar, uniq_gastronok
D:10:     dpeg_lair_monsters
D:11:     uniq_maurice
D:12:     minmay_orc_entry_guard_dogs, dk_vineyard_2, uniq_nergalle
D:13:     cheibrodos_lost_city_excavation, grunt_vaults_entry_tiered,
          bh_walls_and_bars
Temple:   pf_slimified_temple
Lair:1:   serial_bayou_shore_b, grunt_megastairs_5, infiniplex_staircase_pool_2,
          uniq_fannar
Lair:2:   portal_ice_cave_entry_ice_beasts
Lair:3:   nicolae_spider_entry_non_spiders, uniq_sonja
Lair:4:   minmay_shoals_entry_beasts, wad_woods_road_03,
          grunt_forest_large_clearings, lemuel_fruit_fields
Lair:5:   lab_entry_generic, minmay_lair_oklob_chamber, wad_woods_river_01,
          uniq_snorg, uniq_kirke
Ossuary:  ossuary_due_mausoleum
IceCv:    ice_cave_statue_garden_teleport

Table legend:
 A = Turns spent in this place as a percentage of turns spent in the entire game.
 B = Non-inter-level travel turns spent in this place as a percentage of non-inter-level travel turns spent in the entire game.
 C = Inter-level travel turns spent in this place as a percentage of turns spent in this place.
 D = Turns resting spent in this place as a percentage of non-inter-level travel turns spent in this place.
 E = Turns spent auto-exploring this place as a percentage of non-inter-level travel turns spent in this place.
 F = Non-inter-level travel turns spent in this place divided by the number of levels of this place that you've seen.
                   A       B       C       D       E      F
               +-------+-------+-------+-------+-------+----------------------
         Total | 100.0 | 100.0 |   3.3 |   8.2 |  48.2 | 897.2
       Dungeon |  67.6 |  66.9 |   4.3 |   9.2 |  48.1 | 969.9
        Temple |   0.2 |   0.2 |   0.0 |   0.0 |   0.0 |  37.0
          Lair |  29.8 |  30.3 |   1.5 |   4.8 |  52.8 | 1142.8
       Ossuary |   1.0 |   1.0 |   0.0 |   0.0 |   0.0 | 197.0
      Ice Cave |   1.5 |   1.5 |   0.0 |  38.6 |   0.0 | 285.0
               +-------+-------+-------+-------+-------+----------------------

Table legend:
 A = Kills in this place as a percentage of kills in entire the game.
 B = Kills by you in this place as a percentage of kills by you in the entire game.
 C = Kills by friends in this place as a percentage of kills by friends in the entire game.
 D = Other kills in this place as a percentage of other kills in the entire game.
 E = Experience gained in this place as a percentage of experience gained in the entire game.
 F = Experience gained in this place divided by the number of levels of this place that you have seen.
                   A       B       C       D       E      F
               +-------+-------+-------+-------+-------+----------------------
         Total | 100.0 | 100.0 | 100.0 | 100.0 | 100.0 | 3247.6
       Dungeon |  61.7 |  61.8 |   0.0 | 100.0 |  41.2 | 2160.5
          Lair |  31.3 |  31.3 | 100.0 |   0.0 |  54.4 | 7419.4
       Ossuary |   5.1 |   5.1 |   0.0 |   0.0 |   0.4 | 260.0
      Ice Cave |   1.9 |   1.9 |   0.0 |   0.0 |   4.0 | 2755.0
               +-------+-------+-------+-------+-------+----------------------
